 Dungeon Crawl Stone Soup version 0.31-a0-150-g89dc3ad700 (webtiles) character file.

Game seed: 7517203533914864667

1026 NateTC the Ruffian (level 8, -4/79 HPs)
             Began as a Troll Fighter on June 8, 2023.
             Slain by a gnoll sergeant
             ... wielding a +3 spear of distortion
              (6 damage)
             ... on level 5 of the Dungeon on June 9, 2023.
             The game lasted 00:08:39 (2495 turns).

NateTC the Ruffian (Troll Fighter)                  Turns: 2495, Time: 00:08:40

Health: -4/79      AC:  6    Str: 23 (25) XL:     8   Next: 2%
Magic:  7/7        EV:  8    Int:  3 (6)  God:
Gold:   240        SH:  8    Dex:  6 (9)  Spells: 7/7 levels left

rFire   . .          .
                       - Unarmed
rCold   . . .        b - +0 kite shield
rNeg    . . .        a - +0 robe
rPois   .            h - +2 hat
rElec   .            (no cloak)
rCorr   .            (gloves unavailable)
SInv    +            (boots unavailable)
Will    .....        (no amulet)
Stlth   +            j - ring of see invisible
HPRegen 1.13/turn    (no ring)
MPRegen 0.10/turn

%: no passive effects
@: lethally poisoned (-4 -> -7)
A: large, unfitting armour, claws 3, regeneration 1, shaggy fur 1, tough skin 1
a: no special abilities


You were on level 5 of the Dungeon.
You visited 1 branch of the dungeon, and saw 5 of its levels.

You collected 240 gold pieces.

Inventory:

Armour
 a - a +0 robe (worn)
 b - a +0 kite shield (worn)
 h - a +2 hat (worn)
Jewellery
 j - a ring of see invisible (left claw)
Scrolls
 g - a scroll of teleportation
 i - a scroll of magic mapping
 m - a scroll of fear {unknown}
Potions
 d - a potion of haste {unknown}
 f - a potion of brilliance {unknown}
 k - 5 potions of enlightenment
 l - a potion of ambrosia {unknown}


   Skills:
 + Level 4.5 Fighting
 - Level 2.4 Dodging
 + Level 5.0 Shields
 * Level 6.8 Unarmed Combat


You had 7 spell levels left.
You didn't know any spells.
Your spell library contained the following spells:

 Spells                   Type           Power      Damage    Failure   Level
 Apportation              Tloc           0%         N/A       78%         1
 Necrotise                Necr           0%         1d4       78%         1
 Summon Small Mammal      Summ           0%         N/A       78%         1
 Cigotuvi's Dreadful Rot  Necr/Pois/Air  0%         N/A       89%         2
 Ignite Poison            Fire/Tmut/Pois 0%         N/A       98%         3
 Freezing Cloud           Conj/Ice/Air   0%         6-21      100%        5


Dungeon Overview and Level Annotations

Branches:
Dungeon (5/15) Zot: 26589
 Temple: D:4-7

Altars:


Innate Abilities, Weirdness & Mutations

You are too large for most types of armour.
You have claws for hands.
Your natural rate of healing is unusually fast.
You are covered in fur. (AC +1)
You have tough skin. (AC +1)


Message History

You blink.
The gnoll sergeant hits you with a +3 spear of distortion.
You scratch the gnoll sergeant but do no damage.
The gnoll sergeant is lightly wounded.
The gnoll sergeant hits you with a +3 spear of distortion!
Space warps horribly around you!
You scratch the gnoll sergeant but do no damage.
The gnoll sergeant is lightly wounded.
The gnoll sergeant hits you with a +3 spear of distortion!
You blink.
Okay, then.
The water moccasin attacks as you move away!
The water moccasin bites you!
* * * LOW HITPOINT WARNING * * *
An ufetubus comes into view.
You block the water moccasin's attack.
You see here a manual of Poison Magic.
You closely miss the water moccasin. The water moccasin bites you.
* * * LOW HITPOINT WARNING * * *
The water moccasin bites you.
* * * LOW HITPOINT WARNING * * *
You are poisoned.
The water moccasin poisons you!
The gnoll sergeant hits you with a +3 spear of distortion!
* * * LOW HITPOINT WARNING * * *
You barely miss the gnoll sergeant.
The gnoll sergeant is lightly wounded.
* * * LOW HITPOINT WARNING * * *
You feel very sick. The water moccasin bites you.
* * * LOW HITPOINT WARNING * * *
You block the water moccasin's attack. The gnoll sergeant barely misses you.
It was a potion of degeneration.
There was something very wrong with that liquid.
You feel weakened.
You feel dopey.
You feel clumsy.
* * * LOW HITPOINT WARNING * * *
You feel very sick. The water moccasin barely misses you.
The gnoll sergeant hits you with a +3 spear of distortion.
You die...

#.... .......
......## ..#...##
#.....## ##......###
#.........## .##.
#..5#...)..####.....
#..@.........##.....
##:Sg...#..........#
##...##†.........##
#####............#
.####......#...##...
..............####..
.............## #...
............## ##...
.............###....


You could see a water moccasin, a gnoll sergeant and an ufetubus.

Vanquished Creatures
  Pikel (D:5)
  An orc warrior (D:5)
  A lemure (D:5)
  2 scorpions
  A hound (D:5)
  2 jellies
  4 iguanas
  Robin (D:4)
  11 adders
  A white imp (D:5)
  A worm (D:3)
  6 orcs
  13 ball pythons
  2 bats
  6 endoplasms
  12 goblins
  8 hobgoblins
  4 jackals (D:3)
  A kobold (D:3)
  4 quokkas
  2 frilled lizards (D:1)
  6 rats
90 creatures vanquished.

Notes
Turn   | Place    | Note
-------+----------+-------------------------------------------
     0 | D:1      | NateTC the Troll Fighter began the quest for the Orb.
     0 | D:1      | Reached XP level 1. HP: 22/22 MP: 0/0
    92 | D:1      | Reached XP level 2. HP: 29/29 MP: 1/1
   582 | D:2      | Upgraded the game from 0.31-a0-149-g3fdcc5976a to
                  | 0.31-a0-150-g89dc3ad700
   588 | D:2      | Reached XP level 3. HP: 36/36 MP: 2/2
   601 | D:2      | Reached skill level 3 in Unarmed Combat
   814 | D:2      | Reached XP level 4. HP: 32/44 MP: 3/3
  1502 | D:4      | Reached skill level 4 in Unarmed Combat
  1502 | D:4      | Reached XP level 5. HP: 50/53 MP: 4/4
  1511 | D:4      | Noticed Robin
  1545 | D:4      | Killed Robin
  1654 | D:4      | Reached XP level 6. HP: 58/61 MP: 5/5
  2085 | D:5      | Entered Level 5 of the Dungeon
  2105 | D:5      | Noticed Pikel
  2115 | D:5      | Killed Pikel
  2116 | D:5      | Reached skill level 6 in Unarmed Combat
  2116 | D:5      | Reached XP level 7. HP: 23/70 MP: 6/6
  2473 | D:5      | Reached skill level 5 in Shields
  2473 | D:5      | Reached XP level 8. HP: 61/79 MP: 7/7
  2495 | D:5      | HP: 2/79 [poisoned by a water moccasin]
  2495 | D:5      | Slain by a gnoll sergeant

Illustrated notes

Levels and vault maps discovered:
D:1:      mrwooster_arrival_arrow, layout_basic
D:2:      layout_rooms, hangedman_decor_clover_reticule
D:3:      layout_basic
D:4:      layout_basic, hex_large, uniq_robin
D:5:      layout_layer_cave, minitemple, gammafunk_temple_overflow_wave,
          ebering_ghost_disaster_area, minmay_manual_moon, uniq_pikel

Skill      XL: |  1  2  3  4  5  6  7 |
---------------+----------------------+-----
Shields        | 3 4 5 |  5.0
Unarmed Combat | 3 4 6 |  6.8
Fighting       | 3 4 |  4.5
Dodging        | |  2.4

Action                     |  1- 3 |  4- 6 |  7- 9 || total
---------------------------+-------+-------+-------++-------
  Melee: Unarmed           |    65 |   141 |    42 ||   248
    Use: Scroll            |       |     8 |       ||     8
         Potion            |       |       |     4 ||     4
   Stab: Sleeping          |     1 |     1 |       ||     2
 Armour: Robe              |    16 |    48 |    10 ||    74
  Dodge: Dodged            |    12 |    49 |    25 ||    86
  Block: Kite shield       |    15 |    60 |    19 ||    94

Table legend: (Time is in decaauts)
 A = Elapsed time spent in this place.
 B = Non-inter-level travel time spent in this place.
 C = Inter-level travel time spent in this place.
 D = Time resting spent in this place.
 E = Time spent auto-exploring this place.
 F = Levels seen in this place.
 G = Mean time per level.
                   A        B        C        D        E       F      G
               +--------+--------+--------+--------+--------+-----+--------+
         Total |   2504 |   2415 |     89 |     85 |   1437 |   5 |  500.8 |
       Dungeon |   2504 |   2415 |     89 |     85 |   1437 |   5 |  500.8 |
               +--------+--------+--------+--------+--------+-----+--------+

Top non-repeatable levels by time:
     D:4: 635 daAuts
     D:1: 576 daAuts
     D:3: 453 daAuts
     D:2: 428 daAuts
     D:5: 409 daAuts
